 Dungeon Crawl Stone Soup version 0.26.1-15-g04117e645d (webtiles) character file.

Game seed: 11669725494765259883

1003 tkbsonic5 the Skirmisher (level 8, -3/72 HPs)
             Began as a Palentonga Warper on Dec 27, 2022.
             Was a Believer of Zin.
             Killed by divine providence
             ... invoked by an orc priest
              (12 damage)
             ... on level 6 of the Dungeon.
             The game lasted 00:21:20 (7616 turns).

tkbsonic5 the Skirmisher (Palentonga Warper)        Turns: 7616, Time: 00:21:21

Health: -3/72      AC: 16    Str: 18    XL:     8   Next: 0%
Magic:  13/13      EV:  3    Int: 14    God:    Zin [**....]
Gold:   79         SH:  0    Dex: 11    Spells: 5/14 levels left

rFire    . . .     SeeInvis +   o - +0 battleaxe
rCold    . . .     Faith    .   (shield currently unavailable)
rNeg     . . .     Spirit   .   m - +0 plate armour
rPois    ∞         Reflect  .   (no helmet)
rElec    .         Harm     .   l - +0 cloak
rCorr    .         Rampage  .   (no gloves)
Will     +....                  (no barding)
Stlth    ..........             (no amulet)
HPRegen  0.22/turn              q - ring of willpower
MPRegen  0.13/turn              (no ring)

@: confused, vitalised, curled up
A: large, rugged brown scales 3, see invisible, deformed body, roll 1, armoured
tail, reflexive curl
a: Rolling Charge, Renounce Religion, Recite, Vitalisation, Donate Gold


You were on level 6 of the Dungeon.
You worshipped Zin.
Zin was pleased with you.
You visited 1 branch of the dungeon, and saw 6 of its levels.

You collected 318 gold pieces.
You donated 239 gold pieces to Zin.

Inventory:

Hand Weapons
 a - a +0 hand axe
 i - a +1 dagger of venom
 o - a +0 battleaxe (weapon)
Missiles
 e - 5 boomerangs of dispersal
 n - 15 poisoned darts
Armour
 b - a +0 leather armour
 h - a +0 chain mail
 l - a +0 cloak (worn)
 m - a +0 plate armour (worn)
 r - a +0 kite shield
Jewellery
 q - a ring of willpower (left hand)
 t - an uncursed ring of see invisible {unknown}
Scrolls
 d - 3 scrolls of teleportation
 j - 5 scrolls of remove curse
Potions
 f - a potion of mutation {unknown}
 k - a potion of flight


   Skills:
 * Level 5.2 Fighting
 * Level 5.2 Axes
 - Level 0.6 Throwing
 - Level 0.7 Armour
 - Level 1.5 Dodging
 + Level 3.5 Spellcasting
 + Level 4.5 Translocations
 * Level 3.6 Invocations


You had 5 spell levels left.
You knew the following spells:

 Your Spells              Type           Power        Failure   Level
a - Blink                 Tloc           N/A          94%         2
b - Teleport Other        Tloc           15%          99%         3
c - Passage of Golubria   Tloc           N/A          100%        4

Your spell library contained the following spells:

 Spells                   Type           Power        Failure   Level
 Gell's Gravitas          Tloc           7%           99%         3
 Lesser Beckoning         Tloc           7%           99%         3
 Beastly Appendage        Tmut           4%           100%        1
 Wereblood                Tmut           2%           100%        2
 Spider Form              Tmut/Pois      1%           100%        3
 Ice Form                 Ice/Tmut       2%           100%        4
 Blade Hands              Tmut           1%           100%        5


Dungeon Overview and Level Annotations

Branches:
Dungeon (7/15)
 Temple: D:4-7

Altars:
Ashenzari
Ru
Uskayaw
Zin

Annotations:
D:2 Sigmund


Innate Abilities, Weirdness & Mutations

You are completely covered in rugged brown scales. (AC +3, +7% HP)
You have supernaturally acute eyesight. (SInv)
Armour fits poorly on your strangely shaped body.
You can roll at nearby foes to attack.
You have a long armoured tail.
You curl defensively after being hit.


Message History

* * * LOW HITPOINT WARNING * * *
You climb upwards.
There is a stone staircase leading down here.
Okay, then.
Okay, then.
Casting: Blink (dangerous; 94% risk of failure)
Confirm with . or Enter, or press ? or * to list all spells.
Okay, then.
Okay, then.
Okay, then.
Unknown command.
It was a potion of ambrosia.
You are confused.
You feel invigorated.
The orc priest hits you with a +0 hand axe.
* * * LOW HITPOINT WARNING * * *
You bump into the rock wall.
The orc priest invokes the aid of Beogh against you.
Beogh smites you!
You die...

.# #..# #.##.#.#
## #..###.##.#.# #
#..##..##.#.# #
#..##.###.#.# #
#..##.# #.#.## #
#..##.# #....#
#####..##.#####..#
##
................o#
#.
#########.######@#
#. # #.# #.# #. #
#.# #.# #. # #.#
#.# #. # #.# #.#
## # #.#
#.################
# #.#
#.................
# #.#
#######.####..####
#
#.############.##
#..# #


You could see an orc priest.

Vanquished Creatures
  Menkaure (D:7)
  A phantom (D:6)
  A necrophage (D:6)
  An ogre (D:5)
  A centaur (D:6)
  2 scorpions (D:5)
  A howler monkey (D:6)
  A hound (D:5)
  3 jellies
  2 orc wizards (D:5)
  A bullfrog skeleton (D:6)
  A hound skeleton (D:5)
  A worker ant zombie (D:5)
  2 gnolls (D:6)
  4 adders
  A shadow imp (D:5)
  A white imp (D:5)
  2 ufetubi
  An ooze (D:2)
  An adder zombie (D:6)
  2 adder skeletons (D:5)
  4 worms
  3 leopard geckos
  5 orcs
  4 ball pythons
  7 giant cockroaches
  8 goblins
  10 hobgoblins
  7 jackals
  9 kobolds
  A quokka (D:2)
  4 bats
  3 frilled lizards (D:2)
  7 rats
103 creatures vanquished.

Notes
Turn   | Place    | Note
-------+----------+-------------------------------------------
     0 | D:1      | tkbsonic5 the Palentonga Warper began the quest for the
                  | Orb.
     0 | D:1      | Reached XP level 1. HP: 18/18 MP: 3/3
   174 | D:1      | Reached XP level 2. HP: 24/25 MP: 5/5
   774 | D:1      | Learned a level 2 spell: Blink
   942 | D:1      | Reached XP level 3. HP: 32/32 MP: 6/6
  1483 | D:2      | Learned a level 3 spell: Teleport Other
  1644 | D:2      | Reached XP level 4. HP: 32/39 MP: 7/7
  2125 | D:2      | Noticed Sigmund
  3439 | D:3      | You fall into a shaft and drop 2 floors!
  3439 | D:5      | Entered Level 5 of the Dungeon
  3933 | D:5      | Found a broken altar of Ashenzari.
  3963 | D:5      | Found a glowing silver altar of Zin.
  3981 | D:5      | Reached XP level 5. HP: 37/48 MP: 8/8
  4840 | D:5      | Found a sacrificial altar of Ru.
  4947 | D:5      | Became a worshipper of Zin the Law-Giver
  4947 | D:5      | Reached * piety under Zin
  4993 | D:5      | Donated 111 gold pieces to Zin
  5046 | D:5      | Learned a level 4 spell: Passage of Golubria
  5413 | D:5      | Reached XP level 6. HP: 47/55 MP: 10/10
  5461 | D:5      | Found a hide-covered altar of Uskayaw.
  5490 | D:5      | Reached skill level 1 in Invocations
  5891 | D:5      | Donated 65 gold pieces to Zin
  5966 | D:5      | Gained mutation: You curl defensively after being hit.
                  | [Palentonga growth]
  5966 | D:5      | Reached XP level 7. HP: 13/64 MP: 11/11
  6235 | D:5      | Donated 32 gold pieces to Zin
  6714 | D:6      | Reached ** piety under Zin
  7162 | D:6      | Reached skill level 5 in Fighting
  7327 | D:6      | Reached skill level 5 in Axes
  7550 | D:7      | Noticed Menkaure
  7555 | D:7      | Killed Menkaure
  7556 | D:7      | Reached XP level 8. HP: 60/72 MP: 10/13
  7613 | D:7      | HP: 2/72 [orc priest/divine providence (16)]
  7616 | D:6      | Killed from afar by an orc priest

Illustrated notes

Levels and vault maps discovered:
D:1:      minmay_arrival_four_houses, layout_basic
D:2:      layout_basic, nicolae_overflow_hidden_temple, minmay_vboxes,
          uniq_sigmund
D:3:      layout_loops_ring, kennysheep_slug_shrine, lemuel_crystal_altar,
          lightli_temple_of_fire, gammafunk_ghost_split, minmay_hedge_maze,
          uniq_grinder
D:5:      layout_cave_pods, eat_drink_and_be_merry_uskayaw, ashenzari_altar_1,
          general_overflow_altar, nicolae_ru_great_annihilating_truth
D:6:      layout_loops_ring, sigmund_army
D:7:      layout_cave_pools, lemuel_mausoleum_altar_kikubaaqudgha, uniq_menkaure

Skill      XL: |  1  2  3  4  5  6  7 |
---------------+----------------------+-----
Fighting       | 3 4 5 |  5.2
Axes           | 3 4 5 |  5.2
Invocations    | 2 3 |  3.6
Spellcasting   | 3 |  3.5
Translocations | 4 |  4.5
Throwing       | |  0.6
Armour         | |  0.7
Dodging        | |  1.5

Action                   |  1- 3 |  4- 6 |  7- 9 || total
-------------------------+-------+-------+-------++-------
Melee: Hand axe          |   139 |   150 |       ||   289
       Tailslap          |    12 |    17 |    10 ||    39
       Battleaxe         |       |    48 |    68 ||   116
Throw: Javelin           |       |    11 |       ||    11
 Cast: Teleport Other    |       |     5 |       ||     5
       Blink             |       |     1 |       ||     1
Invok: Recite            |       |     3 |     2 ||     5
       Donate Gold       |       |     2 |     1 ||     3
       Vitalisation      |       |       |     2 ||     2
 Abil: Rolling Charge    |    16 |    14 |    12 ||    42
  Use: Potion            |     1 |     7 |     2 ||    10
       Scroll            |       |     5 |     1 ||     6
 Stab: Distracted        |     1 |       |       ||     1
       Paralysed         |       |     1 |       ||     1
Armor: Leather armour    |    52 |    63 |       ||   115
       Plate armour      |       |    72 |    46 ||   118
Dodge: Dodged            |    72 |    81 |    13 ||   166
